 Dungeon Crawl Stone Soup version 0.26.1-2-gb8aa6d0cf2 (webtiles) character file.

Game seed: 7536182721904899612

49 Phaedo the Gusty (level 3, -5/14 HPs)
             Began as a Felid Air Elementalist on Mar 23, 2021.
             Slain by a gnoll (6 damage)
             ... on level 2 of the Dungeon.
             The game lasted 00:03:47 (1696 turns).

Phaedo the Gusty (Felid Air Elementalist)           Turns: 1696, Time: 00:03:48

Health: -5/14      AC:  1    Str:  4    XL:     3   Next: 51%
Magic:  4/7        EV: 18    Int: 17    God:
Gold:   117        SH:  0    Dex: 16    Spells: 5/6 levels left
                                        Lives:  0   Deaths: 0

rFire    . . .     SeeInvis +   (weapon unavailable)
rCold    . . .     Faith    .   (shield unavailable)
rNeg     . . .     Spirit   .   (armour unavailable)
rPois    .         Reflect  .   (helmet unavailable)
rElec    .         Harm     .   (cloak unavailable)
rCorr    .         Rampage  .   (gloves unavailable)
Will     .....                  (boots unavailable)
Stlth    +++.......             (no amulet)
HPRegen  0.04/turn              (no ring)
MPRegen  0.10/turn              (no ring)

@: quick
A: very small, no armour, no weapons or thrown items, stealth, claws 1, fangs 3,
see invisible, speed 1, shaggy fur 1, sharp paws
a: no special abilities


You were on level 2 of the Dungeon.
You visited 1 branch of the dungeon, and saw 2 of its levels.

You collected 117 gold pieces.

Inventory:

Jewellery
 e - an uncursed ring of fire {unknown}
 g - an uncursed ring of fire {unknown}
Scrolls
 c - 3 scrolls of remove curse {unknown}
 d - a scroll of identify {unknown}
 i - a scroll of fog {unknown}
Potions
 a - a potion of degeneration {unknown}
 b - a potion of flight {unknown}
 f - a potion of berserk rage {unknown}
 h - a potion of heal wounds {unknown}
 j - a potion of attraction {unknown}


   Skills:
 + Level 3.0 Dodging
 + Level 3.1 Stealth
 + Level 2.4 Spellcasting
 + Level 1.2 Conjurations
 + Level 3.4 Air Magic


You had 5 spell levels left.
You knew the following spells:

 Your Spells              Type           Power        Failure   Level
a - Shock                 Conj/Air       40%          7%          1

Your spell library contained the following spells:

 Spells                   Type           Power        Failure   Level
 Swiftness                Air            13%          7%          2
 Static Discharge         Conj/Air       10%          22%         3
 Airstrike                Air            6%           41%         4
 Lightning Bolt           Conj/Air       5%           89%         5


Dungeon Overview and Level Annotations

Branches:
Dungeon (2/15)

Altars:


Innate Abilities, Weirdness & Mutations

You cannot wear armour.
You are incapable of wielding weapons or throwing items.
Your paws allow you to move quietly. (Stealth)
You have sharp claws.
You have razor-sharp teeth.
You have supernaturally acute eyesight. (SInv)
You cover ground quickly.
You are covered in fur. (AC +1)
Your sharp claws are effective at attacking unaware monsters.


Message History

The zap hits the gnoll.
The gnoll is heavily wounded.
The zap hits the gnoll.
The gnoll is moderately wounded.
Casting: Shock (safe; 7% risk of failure)
Confirm with . or Enter, or press ? or * to list all spells.
Aiming: Shock (safe; 7% risk of failure)
Press: ? - help, Shift-Dir - straight line The zap hits the gnoll.
The gnoll is severely wounded.
The zap misses the gnoll.
The zap hits the gnoll.
The gnoll is lightly wounded.
The gnoll hits you from afar with a cursed -1 spear.
The gnoll hits you.
A quokka comes into view.
The gnoll hits you from afar with a cursed -1 spear.
* * * LOW HITPOINT WARNING * * *
You see here 24 arrows.
The gnoll hits you.
You die...

##...
.....
#....
###...###
#......⌠.
#.....#.
#...##.#
#@.#...#
#gg+...+..
#..#......
#.(g###
#=....#
#..#...⌠.#
##.##.#.##
#<# .r...
#.# #...


You could see 3 gnolls and a quokka.

Vanquished Creatures
  A gnoll (D:1)
  An ooze (D:1)
  4 leopard geckos
  5 bats
  A goblin (D:1)
  8 hobgoblins
  A frilled lizard (D:1)
  3 kobolds
  3 rats
27 creatures vanquished.

Notes
Turn   | Place    | Note
-------+----------+-------------------------------------------
     0 | D:1      | Phaedo the Felid Air Elementalist began the quest for the
                  | Orb.
     0 | D:1      | Reached XP level 1. HP: 7/7 MP: 4/4
   281 | D:1      | Reached XP level 2. HP: 4/11 MP: 3/6
   639 | D:1      | Reached skill level 1 in Conjurations
   873 | D:1      | Reached XP level 3. HP: 14/14 MP: 5/7
  1696 | D:2      | Slain by a gnoll

Illustrated notes

Levels and vault maps discovered:
D:1:      minmay_arrival_checkered_box, layout_loops_ring
D:2:      layout_loops_ring, marbit_many_paths, evilmike_ruin_ashenzari,
          minivault_23

Skill      XL: |  1  2 |
---------------+-------+-----
Air Magic      | 3 |  3.4
Conjurations   | 1 |  1.2
Stealth        | 3 |  3.1
Dodging        | 3 |  3.0
Spellcasting   | |  2.4

Action                   || total
-------------------------++-------
Melee: Unarmed           ||     3
 Cast: Shock             ||    60
 Stab: Sleeping          ||     2
Armor: Skin              ||     1
Dodge: Dodged            ||    10
